 Dungeon Crawl Stone Soup version 0.29-a0-330-g52719c12eb (webtiles) character file.

Game seed: 349324200392889645

309 Crownlay the Magician (level 6, -1/41 HPs)
             Began as an Octopode Transmuter on May 1, 2022.
             Was an Initiate of Ashenzari.
             Slain by a gnoll
             ... wielding a +0 club
              (4 damage)
             ... on level 3 of the Dungeon.
             The game lasted 00:06:43 (4907 turns).

Crownlay the Magician (Octopode Transmuter)         Turns: 4907, Time: 00:06:43

Health: -1/41      AC:  1    Str: 10    XL:     6   Next: 41%
Magic:  12/12      EV: 13    Int: 21    God:    Ashenzari [......]
Gold:   184        SH:  0    Dex: 12    Spells: 9/13 levels left

rFire   + . .      SeeInvis .   f - +11 quarterstaff "Toesum Suyba" {drain, rF+ rN+ Int+4}
rCold   . . .      Faith    .   (shield currently unavailable)
rNeg    + . .      Spirit   .   (helmet restricted)
rPois   +          Reflect  .   (no amulet)
rElec   .          Harm     .   h - ring of poison resistance
rCorr   .          Rampage  .   (no ring)
Will    .....                   (no ring)
Stlth   ++........              (no ring)
HPRegen 0.13/turn               (no ring)
MPRegen 0.13/turn               (no ring)
                                (no ring)
                                (no ring)

@: no status effects
A: almost no armour, amphibious, 8 rings, camouflage 1, gelatinous body 1,
(nimble swimmer 1), tentacles
a: Renounce Religion


You were on level 3 of the Dungeon.
You worshipped Ashenzari.
Ashenzari was noncommittal.
You visited 2 branches of the dungeon, and saw 5 of its levels.

You collected 184 gold pieces.

Inventory:

Hand Weapons
 f - the +11 quarterstaff "Toesum Suyba" (weapon) {drain, rF+ rN+ Int+4}
   (You found it on level 2 of the Dungeon)

   A truly terrible weapon, it drains the life of any living foe it strikes.
   Int:       It affects your intelligence (+4).
   rF:        It protects you from fire.
   rN:        It protects you from negative energy.
Jewellery
 h - a ring of poison resistance (left tentacle)
 k - an amulet of faith
Wands
 i - a wand of polymorph (11)
Scrolls
 b - a scroll of silence
 c - a scroll of teleportation
 d - a scroll of blinking
 e - a scroll of immolation
Potions
 a - a potion of lignification
 g - 2 potions of heal wounds {unknown}
 j - a potion of attraction {unknown}
 l - 2 potions of curing {unknown}


   Skills:
 * Level 2.8 Fighting
 - Level 2.0 Dodging
 - Level 3.0 Unarmed Combat
 * Level 4.1 Spellcasting
 + Level 3.3 Transmutations
 + Level 3.0 Poison Magic


You had 9 spell levels left.
You knew the following spells:

 Your Spells              Type           Power      Damage    Failure   Level
a - Beastly Appendage     Tmut           36%        N/A       3%          1
b - Spider Form           Tmut/Pois      17%        N/A       10%         3

Your spell library contained the following spells:

 Spells                   Type           Power      Damage    Failure   Level
 Wereblood                Tmut           18%        N/A       4%          2
 Dazzling Flash           Conj/Hex       8%         N/A       34%         3
 Ice Form                 Ice/Tmut       11%        N/A       52%         4
 Iskenderun's Mystic Bla  Conj/Tloc      4%         2d3       75%         4
 Starburst                Conj/Fire      2%         6d3       100%        6


Dungeon Overview and Level Annotations

Branches:
Dungeon (4/15)             Temple (1/1) D:4

Altars:
Ashenzari
Cheibriados
Dithmenos
Fedhas
Gozag
Nemelex Xobeh
Okawaru
Qazlal
Ru
Sif Muna
Trog
Uskayaw
Vehumet
Wu Jian
Yredelemnul
Zin
The Shining One

Annotations:
D:4 Ijyb


Innate Abilities, Weirdness & Mutations

You cannot wear most types of armour.
You are amphibious.
You can wear up to eight rings at the same time.
Your skin changes colour to match your surroundings (Stealth+).
Your rubbery body absorbs attacks. (AC +1, EV +1)
((You are camouflaged when in or above water. (Stealth+)))
You have tentacles for arms and can constrict up to eight enemies at once.


Message History

l - 2 smoky sapphire potions (gained 1)
Found a falchion.
Found a stone staircase leading down.
Ijyb the Twisted Goblin comes into view.
She is wielding a +0 club and carrying a wand of flame (10). 2 gnolls come into view.
The gnoll shouts!
You hear a shout! x3
A gnoll comes into view. It is wielding a +1 vampiric spear.
The gnoll moves out of view.
The gnoll shouts!
You hear a shout!
A gnoll shaman and a gnoll come into view.
A quokka comes into view.
Okay, then.
Okay, then.
Okay, then.
Okay, then.
Ijyb zaps a wand.
The puff of flame hits you. You resist. The quokka bites you.
The quokka barely misses you. The quokka bites you.
You open the door. The quokka bites you.
You sock the quokka!
You kill the quokka!
You hit the gnoll. Your grab misses the gnoll.
The gnoll is moderately wounded.
The gnoll hits you with a +0 club.
The gnoll hits you from afar with a +0 spear!
The gnoll hits you with a +0 club!
The gnoll hits you from afar with a +0 spear.
* * * LOW HITPOINT WARNING * * *
There is an open door here.
There is a stone staircase leading up here.
The gnoll hits you with a +0 club!
* * * LOW HITPOINT WARNING * * *
You climb upwards.
There is a stone staircase leading down here.
Okay, then.
You hit the gnoll but do no damage. You grab the gnoll.
You tentacle-slap the gnoll, but do no damage.
The gnoll is moderately wounded.
You constrict the gnoll. The gnoll hits you with a +0 club.
You die...

#..........≈###≈.##.#
#..#####.##≈≈≈≈≈###.#
#..#####.###...###)..
#..#.........#......#
#..#.###.###....###.#
#..#.# #......#......
#<.#.# ######....##.#
#..#g#########.#.##.#
#...@...............#
#.##.######.#........
#....# #.#.##.####
#.#########.#.##.....
#<#..................
#.#.########.##.....#
#.#.# #####...#....#
#.#.# #...[....#..#.
#.#.# #.###....###..


You could see a gnoll.

Vanquished Creatures
  A black bear (D:4)
  A hound (D:3)
  A gnoll shaman (D:4)
  4 gnolls (D:4)
  3 adders
  2 worms
  4 dart slugs
  2 orcs
  3 bats
  6 endoplasms
  5 giant cockroaches
  6 goblins
  6 hobgoblins
  8 quokkas
  5 ball pythons
  6 frilled lizards
  6 kobolds (D:1)
  6 rats
75 creatures vanquished.

Vanquished Creatures (others)
  15 plants (D:1)
15 creatures vanquished.

Grand Total: 90 creatures vanquished

Notes
Turn   | Place    | Note
-------+----------+-------------------------------------------
     0 | D:1      | Crownlay the Octopode Transmuter began the quest for the
                  | Orb.
     0 | D:1      | Reached XP level 1. HP: 13/13 MP: 3/3
   219 | D:1      | Reached XP level 2. HP: 6/18 MP: 5/5
   554 | D:1      | Reached skill level 1 in Poison Magic
   896 | D:1      | Reached XP level 3. HP: 19/23 MP: 5/7
  1381 | D:1      | Found a faded altar of an unknown god.
  1409 | D:1      | You fall into a shaft and drop 1 floor!
  1486 | D:2      | Reached skill level 3 in Spellcasting
  1490 | D:2      | Learned a level 3 spell: Spider Form
  1915 | D:2      | Reached XP level 4. HP: 22/28 MP: 6/8
  2516 | D:2      | Identified the +11 quarterstaff "Toesum Suyba" {drain, rF+
                  | rN+ Int+4}
  2966 | D:3      | Reached XP level 5. HP: 33/33 MP: 8/10
  3560 | D:4      | Found a staircase to the Ecumenical Temple.
  3569 | Temple   | Entered the Ecumenical Temple
  3654 | Temple   | Became a worshipper of Ashenzari the Shackled
  3945 | D:4      | Noticed a black bear
  3950 | D:4      | Killed a black bear
  3951 | D:4      | Reached XP level 6. HP: 29/41 MP: 11/11
  4363 | D:4      | Reached skill level 4 in Spellcasting
  4883 | D:4      | Noticed Ijyb
  4907 | D:3      | Slain by a gnoll

Illustrated notes

Levels and vault maps discovered:
D:1:      dpeg_arrival_ternary, layout_loops_ring, serial_bayou,
          serial_bayou_pond_a, serial_bayou_pond_b, serial_bayou_pond_a,
          serial_bayou_pond_c, serial_bayou_pond_b, serial_bayou_crossing,
          shapermc_ecumenical_altar_starsandcircs, amethyst_killhole,
          minivault_19, minmay_misc_feat_room
D:2:      layout_basic
D:3:      layout_loops_ring, minmay_crystal_water, serial_bayou_pond_b,
          minmay_misc_feat_chi
D:4:      layout_basic, kennysheep_vampire_church,
          minmay_temple_entry_mini_moons, uniq_ijyb
Temple:   regret_index_temple_mists

Skill      XL: |  1  2  3  4  5  6 |
---------------+-------------------+-----
Poison Magic   | 1 2 3 |  3.0
Spellcasting   | 3 4 |  4.1
Transmutations | 3 |  3.3
Fighting       | 2 |  2.8
Dodging        | |  2.0
Unarmed Combat | |  3.0

Action                   |  1- 3 |  4- 6 || total
-------------------------+-------+-------++-------
Melee: Unarmed           |    78 |     9 ||    87
       Kick              |    19 |     5 ||    24
       Constrict         |    20 |    13 ||    33
       Tentacles         |    22 |     5 ||    27
       Punch             |     2 |     4 ||     6
       Quarterstaff      |       |    51 ||    51
 Cast: Beastly Appendage |    24 |     6 ||    30
  Use: Scroll            |     3 |     1 ||     4
 Stab: Sleeping          |     7 |     7 ||    14
Armor: Skin              |     3 |     2 ||     5
Dodge: Dodged            |    45 |    42 ||    87

Table legend: (Time is in decaauts)
 A = Elapsed time spent in this place.
 B = Non-inter-level travel time spent in this place.
 C = Inter-level travel time spent in this place.
 D = Time resting spent in this place.
 E = Time spent auto-exploring this place.
 F = Levels seen in this place.
 G = Mean time per level.
                   A        B        C        D        E       F      G
               +--------+--------+--------+--------+--------+-----+--------+
         Total |   4918 |   4844 |     74 |      0 |   4218 |   5 |  983.6 |
       Dungeon |   4811 |   4758 |     53 |      0 |   4164 |   4 | 1202.8 |
        Temple |    106 |     85 |     21 |      0 |     54 |   1 |  106.0 |
               +--------+--------+--------+--------+--------+-----+--------+

Top non-repeatable levels by time:
     D:1: 1631 daAuts
     D:4: 1354 daAuts
     D:2: 1064 daAuts
     D:3: 761 daAuts
  Temple: 106 daAuts
